 Dungeon Crawl Stone Soup version 0.30.0-29-ga12c61a403 (webtiles) character file.

Game seed: 10479762053026086580

210 Senryu the Trooper (level 5, 0/69 HPs)
             Began as a Draconian Fighter on June 24, 2023.
             Was an Initiate of Ru.
             Slain by a phantom (1 damage)
             ... on level 5 of the Dungeon.
             The game lasted 00:02:48 (1073 turns).

Senryu the Trooper (Draconian Fighter)              Turns: 1073, Time: 00:02:49

Health: 0/69       AC: 22    Str: 18    XL:     5   Next: 56%
Magic:  6/6        EV:  2    Int: 10    God:    Ru [......]
Gold:   69         SH:  4    Dex: 11    Spells: 6/6 levels left

rFire   . . .        a - +0 war axe
rCold   . . .        b - +0 buckler
rNeg    . . .        (body armour unavailable)
rPois   +            (helmet currently unavailable)
rElec   .            (cloak currently unavailable)
rCorr   .            (gloves currently unavailable)
SInv    .            (boots currently unavailable)
Will    .....        (no amulet)
Stlth   ++           (no ring)
HPRegen 0.31/turn    (no ring)
MPRegen 0.10/turn

%: no passive effects
@: tree-form
A: stationary, stasis, torment immunity, boosted hp, AC +5, unfitting armour,
(cold-blooded)
a: Renounce Religion


You were on level 5 of the Dungeon.
You worshipped Ru.
Ru was noncommittal.
You were a tree.
You visited 2 branches of the dungeon, and saw 6 of its levels.

You collected 69 gold pieces.

Inventory:

Hand Weapons
 a - a +0 war axe (weapon)
Armour
 b - a +0 buckler (worn)
Scrolls
 d - a scroll of teleportation {unknown}
 f - a scroll of vulnerability {unknown}
 g - a scroll of torment {unknown}
 h - a scroll of noise {unknown}
Potions
 c - a potion of might


   Skills:
 * Level 4.1 Fighting
 * Level 3.5 Axes
 * Level 3.4 Dodging
 * Level 1.3 Stealth
 * Level 3.6 Shields
 * Level 1.2 Spellcasting


You had 6 spell levels left.
You didn't know any spells.
Your spell library was empty.

Dungeon Overview and Level Annotations

Branches:
Dungeon (5/15)             Temple (1/1) D:5

Altars:
Ashenzari
Dithmenos
Elyvilon
Fedhas
Gozag
Kikubaaqudgha
Ru
Vehumet
Yredelemnul

Annotations:
D:3 Robin


Innate Abilities, Weirdness & Mutations

You are a tree.
Your roots penetrate the ground, keeping you stationary.
You cannot be teleported.
You are immune to unholy pain and torment.
Your maximum health is greatly increased.
Your equipment is partially melded.
((Your plain brown scales are hard. (AC +5)))
You cannot fit into any form of body armour.
((You are cold-blooded and may be slowed by cold attacks.))


Message History

Things that are here:
a +0 club; a gnoll corpse You climb upwards.
Welcome back to the Dungeon!
The iguana hisses angrily.
The ogre hits you with a +0 giant club!!
Ouch! That really hurt!
The gnoll misses you. The phantom hits you.
The phantom blinks!
You blink.
Okay, then.
You can't go down here!
Unknown command.
You can't go down here!
It was a potion of lignification.
You turn into a tree.
Your roots penetrate the ground.
The phantom hits you but does no damage.
You closely miss the phantom. You block the phantom's attack.
You hit the phantom.
The phantom is lightly damaged.
You hit the orc. You barely miss the gnoll.
The phantom hits you but does no damage.
The orc hits you but does no damage. The gnoll hits you but does no damage.
The phantom hits you.
* * * LOW HITPOINT WARNING * * *
The iguana bites you but does no damage.
The orc barely misses you. The gnoll hits you but does no damage.
You closely miss the orc.
The orc is heavily wounded.
You hit the ogre. You hit the phantom. You hit the iguana but do no damage.
You hit the gnoll.
The phantom hits you but does no damage.
The gnoll hits you but does no damage. The ogre hits you with a +0 giant club!
* * * LOW HITPOINT WARNING * * *
The iguana bites you but does no damage.
The orc hits you but does no damage. The gnoll hits you with a +0 flail.
* * * LOW HITPOINT WARNING * * *
Unknown command.
You barely miss the orc.
The orc is moderately wounded.
You hit the gnoll. You hit the ogre but do no damage.
You barely miss the phantom. You hit the iguana. The phantom hits you.
You die...

#.............##
#......<.......# ..
+..............##.
+...#.#.#.#.#..#.
#............... .
##..#.......#... ...
#.........g...##..#.
#...#...>..g#.......
.....!.....o♣W.#
..#.#......O#l.#
#..............#
##..#.#.#.#.#.##
#............).>
#.##...........#
##...........
#.........#.


You could see an ogre, a phantom, an iguana, 2 gnolls and an orc.

Vanquished Creatures
  An ice beast (D:4)
  A gnoll bouda (Temple)
  4 gnolls
  3 adders
  3 orcs (D:4)
  3 endoplasms
  4 goblins
  A hobgoblin (D:1)
  2 jackals (D:4)
  3 kobolds
  A ball python (D:3)
  2 bats
  2 rats
30 creatures vanquished.

Notes
Turn   | Place    | Note
-------+----------+-------------------------------------------
     0 | D:1      | Senryu the Draconian Fighter began the quest for the Orb.
     0 | D:1      | Reached XP level 1. HP: 19/19 MP: 1/1
   191 | D:1      | Reached XP level 2. HP: 23/26 MP: 2/2
   400 | D:2      | Reached XP level 3. HP: 17/31 MP: 3/3
   612 | D:3      | Noticed Robin
   764 | D:4      | Reached XP level 4. HP: 35/40 MP: 3/5
   767 | D:4      | Reached skill level 1 in Stealth
   810 | D:4      | Found a shadowy altar of Dithmenos.
   850 | D:4      | Noticed an ice beast
   861 | D:4      | Killed an ice beast
   862 | D:4      | Reached skill level 4 in Fighting
   862 | D:4      | Reached skill level 1 in Spellcasting
   862 | D:4      | Reached XP level 5. HP: 32/46 MP: 6/6
   881 | D:5      | Entered Level 5 of the Dungeon
   881 | D:5      | Noticed an ogre
   881 | D:5      | Found a staircase to the Ecumenical Temple.
   885 | D:5      | Noticed a phantom
   889 | Temple   | Entered the Ecumenical Temple
  1039 | Temple   | Became a worshipper of Ru the Awakened
  1072 | D:5      | HP: 1/69 [gnoll/+0 flail[a gnoll bouda] (6)]
  1073 | D:5      | Slain by a phantom

Illustrated notes

Levels and vault maps discovered:
D:1:      nagdon_arrival_double_spiral, layout_basic, minmay_misc_feat_hallway
D:2:      layout_basic, minmay_misc_feat_chi
D:3:      layout_rooms, marbit_many_paths, ebering_ghost_rock_garden, uniq_robin
D:4:      layout_rooms, grunt_dithmenos_smoke_and_mirrors, kennysheep_nub
D:5:      layout_rooms, minmay_temple_entry_glass, serial_glass,
          glass_columns_a, glass_columns_c, kennysheep_generic_room_6
Temple:   nicolae_temple_bog_church

Skill      XL: |  1  2  3  4 |
---------------+-------------+-----
Dodging        | 3 |  3.4
Stealth        | 1 |  1.3
Fighting       | 4 |  4.1
Axes           | 3 |  3.5
Spellcasting   | 1 |  1.2
Shields        | |  3.6

Action                     |  1- 3 |  4- 6 || total
---------------------------+-------+-------++-------
  Melee: War axe           |    58 |    22 ||    80
         Tailslap          |     6 |     3 ||     9
    Use: Potion            |       |     1 ||     1
   Stab: Sleeping          |     1 |       ||     1
 Armour: Skin              |    24 |    19 ||    43
  Dodge: Dodged            |    67 |    17 ||    84
  Block: Buckler           |    25 |     5 ||    30
